 Dungeon Crawl Stone Soup version 0.26-a0-639-g72c4674329 (webtiles) character file.

Game seed: 13490617184348856866

12 Lanoc the Skirmisher (level 2, -1/24 HPs)
             Began as a Demonspawn Chaos Knight on Sept 27, 2020.
             Was a Plaything of Xom.
             Slain by Jessica
             ... wielding a +1 dagger of electrocution
              (18 damage)
             ... on level 2 of the Dungeon.
             The game lasted 00:00:46 (417 turns).

Lanoc the Skirmisher (Demonspawn Chaos Knight)       Turns: 417, Time: 00:00:47

Health: -1/24      AC:  7    Str: 12    XL:     2   Next: 20%
Magic:  0/2        EV: 11    Int: 13    God:    Xom [..*...]
Gold:   41         SH:  0    Dex: 12    Spells: 1/1 levels left

rFire    . . .     SeeInvis .   a - +0 mace (chaos)
rCold    . . .     Faith    .   (no shield)
rNeg     . . .     Spirit   +   b - +2 leather armour
rPois    .         Reflect  .   (no helmet)
rElec    .         Harm     .   (no cloak)
rCorr    .         Rampage  .   (no gloves)
MR       .....                  c - +1 pair of boots {Stlth+}
Stlth    ++........             e - amulet of the acrobat
HPRegen  0.08/turn              (no ring)
MPRegen  0.08/turn              (no ring)

@: no status effects
A: magic shield
a: Renounce Religion


You were on level 2 of the Dungeon.
You worshipped Xom.
You were a toy of Xom.
You visited 1 branch of the dungeon, and saw 2 of its levels.

You collected 41 gold pieces.

Inventory:

Hand Weapons
 a - a +0 mace of chaos (weapon)
Armour
 b - a +2 leather armour (worn)
 c - a +1 pair of boots of stealth (worn)
Jewellery
 e - an amulet of the acrobat (around neck)
Scrolls
 d - a scroll of identify {unknown}


   Skills:
 + Level 3.1 Fighting
 * Level 3.0 Maces & Flails
 + Level 2.0 Armour
 + Level 1.1 Dodging


You had one spell level left.
You didn't know any spells.
Your spell library was empty.

Dungeon Overview and Level Annotations

Branches:
Dungeon (2/15)

Altars:

Annotations:
D:2 Jessica


Innate Abilities, Weirdness & Mutations

When hurt, damage is shared between your health and your magic reserves.


Message History

Your Maces & Flails skill increases to level 3!
Your Armour skill increases to level 2!
You start resting.
Jessica is nearby!
You start resting.
Jessica is nearby!
You hit Jessica but do no damage. "How about this?"
You do an impromptu tapdance.
Jessica barely misses you.
You completely miss Jessica.
Jessica casts a spell.
Jessica blinks!
Jessica casts a spell.
Jessica seems to speed up.
Jessica hits you but does no damage.
You hit Jessica but do no damage. Jessica hits you but does no damage.
You are electrocuted!!
Ouch! That really hurt!
You die...
Xom guffaws!

####### #.....# #.###.#
#.# #.# .###.###.####+# ..
#.......@....#
####.#..#...###.#@.......#
........+...+.#.#........#
..#####.#...#.#.#.....(..#
..'.....#...#.#.#........#
..#######...#.#.#........+
..'..# #...#.#.#........#
..##.####...#.#.#........#
..+...........#


You could see Jessica (fast).

Vanquished Creatures
  A worm (D:2)
  A bat (D:1)
  3 goblins
  A hobgoblin (D:1)
  A kobold (D:1)
  A rat (D:1)
8 creatures vanquished.

Notes
Turn   | Place    | Note
-------+----------+-------------------------------------------
     0 | D:1      | Lanoc the Demonspawn Chaos Knight began the quest for the
                  | Orb.
     0 | D:1      | Reached XP level 1. HP: 18/18 MP: 1/1
    39 | D:1      | Reached skill level 1 in Dodging
   352 | D:2      | Gained mutation: When hurt, damage is shared between your
                  | health and your magic reserves. [demonic ancestry]
   352 | D:2      | Reached XP level 2. HP: 24/24 MP: 2/2
   387 | D:2      | Noticed Jessica
   391 | D:2      | XOM: potion effect (curing)
   401 | D:2      | XOM: potion effect (curing)
   405 | D:2      | XOM: silly message
   413 | D:2      | XOM: silly message
   417 | D:2      | Slain by Jessica

Illustrated notes

Levels and vault maps discovered:
D:1:      lightli_arrival_boilingwater, layout_basic
D:2:      layout_basic, chequers_temple_overflow_minitemple, uniq_sigmund,
          uniq_jessica, uniq_natasha

Skill      XL: |  1  2 |
---------------+-------+-----
Dodging        | 1 |  1.1
Maces & Flails | 3 |  3.0
Armour         | 2 |  2.0
Fighting       | |  3.1

Action                   || total
-------------------------++-------
Melee: Mace              ||    41
 Stab: Sleeping          ||     2
Armor: Leather armour    ||    16
Dodge: Dodged            ||    42

Table legend: (Time is in decaauts)
 A = Elapsed time spent in this place.
 B = Non-inter-level travel time spent in this place.
 C = Inter-level travel time spent in this place.
 D = Time resting spent in this place.
 E = Time spent auto-exploring this place.
 F = Levels seen in this place.
 G = Mean time per level.
                   A        B        C        D        E       F      G
               +--------+--------+--------+--------+--------+-----+--------+
         Total |    429 |    412 |     17 |      5 |    294 |   2 |  214.5 |
       Dungeon |    429 |    412 |     17 |      5 |    294 |   2 |  214.5 |
               +--------+--------+--------+--------+--------+-----+--------+

Top non-repeatable levels by time:
     D:1: 345 daAuts
     D:2: 84 daAuts
